 Dungeon Crawl Stone Soup version 0.17-a0-1591-g7a45446 (webtiles) character file.

64 notexistence the Conjurer (level 3, 0/26 HPs)
             Began as a Demigod Conjurer on July 29, 2015.
             Succumbed to an adder's poison
             ... on level 2 of the Dungeon.
             The game lasted 00:18:34 (1388 turns).

notexistence the Conjurer (Demigod Conjurer)        Turns: 1388, Time: 00:18:34

Health: 0/26       AC:  2    Str: 11    XL:     3   Next: 64%
Magic:  2/8        EV: 13    Int: 21    God:
Gold:   54         SH:  0    Dex: 16    Spells: 2 memorised, 3 levels left

rFire  . . .     SeeInvis .     g - +0 club
rCold  . . .     Clarity  .     a - +0 robe
rNeg   . . .     SustAt   +     (no shield)
rPois  .         Gourm    .     (no helmet)
rElec  .         Spirit   .     (no cloak)
rCorr  .         Warding  .     (no gloves)
rMut   .         Stasis   .     d - +0 pair of boots
MR     .....                    (no amulet)
Stlth  ++........               (no ring)
                                h - ring of wizardry

@: lethally poisoned (0 -> -6), not resistant to hostile enchantments,
unstealthy
A: talons 1, deformed body, high mp 1, slow healing 1, sustain attributes
a: no special abilities


You were on level 2 of the Dungeon.
You were not hungry.

You visited 1 branch of the dungeon, and saw 2 of its levels.

You collected 54 gold pieces.

Inventory:

Hand weapons
 g - a +0 club (weapon)
Armour
 a - a +0 robe (worn)
 d - a +0 pair of boots (worn)
Jewellery
 h - a ring of wizardry (left hand)
Scrolls
 l - a scroll of fear
Books
 b - a book of Conjurations

   Spells                             Type                      Level
   a - Magic Dart                     Conjuration                  1
   b - Searing Ray                    Conjuration                  2
   c - Dazzling Spray                 Conjuration/Hexes            3
   d - Fulminant Prism                Conjuration/Hexes            4
   e - Iskenderun's Mystic Blast      Conjuration                  4
   f - Iskenderun's Battlesphere      Conjuration/Charms           5
Comestibles
 c - 2 bread rations
 f - a chunk of flesh
 k - a beef jerky


   Skills:
 + Level 0.1 Fighting
 + Level 2.2 Dodging
 + Level 1.9 Stealth
 + Level 2.1 Spellcasting
 + Level 4.5 Conjurations


You had 3 spell levels left.
You knew the following spells:

 Your Spells              Type           Power        Failure   Level  Hunger
a - Magic Dart            Conj           ###.         1%          1    #......
b - Searing Ray           Conj           ###...       1%          2    ##.....


Dungeon Overview and Level Annotations

Branches:
Dungeon (2/15)


Innate Abilities, Weirdness & Mutations

You have an increased reservoir of magic (+10% MP).
Your attributes are resistant to harm.
You have sharp toenails.
Armour fits poorly on your strangely shaped body.
You heal slowly when monsters are visible.


Message History

It was a potion of mutation.
You feel extremely strange.
Your natural healing is weakened.
Your body twists and deforms.
Your toenails lengthen and sharpen.
* * * LOW HITPOINT WARNING * * *
You feel sick.
You see here an adder corpse.
You butcher the adder corpse.
* * * LOW HITPOINT WARNING * * *
You feel sick.
You see here a chunk of flesh.
You spend a moment contemplating the meaning of life.
You spend a moment contemplating the meaning of life.
You spend a moment contemplating the meaning of life.
You spend a moment contemplating the meaning of life.
You spend a moment contemplating the meaning of life.
Put on which piece of jewellery? (? for menu, Esc to quit)
Okay, then.
There is a lethal amount of poison in your body!
There is a lethal amount of poison in your body!
You die...

#############
#...........#
#...........#
###...........######
..............%.@..#
.(............####.#
..............# #.#
........[.)...# #.#
................ ...
.....................
....#####.######......
....# #.# #..##..#
....# .# #.. ..#


There were no monsters in sight!

Vanquished Creatures
  2 adders (D:2)
  An ooze (D:2)
  A giant gecko (D:1)
  8 bats
  5 goblins
  3 hobgoblins (D:1)
  4 giant cockroaches
  3 giant newts
  4 jackals (D:1)
  5 kobolds
  3 rats (D:1)
39 creatures vanquished.

Notes
Turn   | Place    | Note
--------------------------------------------------------------
     0 | D:1      | notexistence the Demigod Conjurer began the quest for the Orb.
     0 | D:1      | Reached XP level 1. HP: 14/14 MP: 5/5
   238 | D:1      | Reached skill level 4 in Conjurations
   352 | D:1      | Reached XP level 2. HP: 20/20 MP: 2/7
   559 | D:1      | Learned a level 2 spell: Searing Ray
  1010 | D:2      | Reached XP level 3. HP: 26/26 MP: 3/8
  1384 | D:2      | Gained mutation: You heal slowly when monsters are visible. [potion of mutation]
  1384 | D:2      | Gained mutation: Armour fits poorly on your strangely shaped body. [potion of mutation]
  1384 | D:2      | Gained mutation: You have sharp toenails. [potion of mutation]
  1386 | D:2      | HP: 1/26 [poisoned by an adder]
  1388 | D:2      | Succumbed to an adder's poison

Vault maps used:
D:1:      shiori_arrival_elements
D:2:      first_bread

Action                   || total
-------------------------++-------
Melee: Club              ||    25
       Unarmed           ||     1
 Cast: Magic Dart        ||    71
       Searing Ray       ||     5
  Use: Scroll            ||     2
       Potion            ||     1
  Eat: Chunk             ||     3
